 Dungeon Crawl Stone Soup version 0.23.2-33-g5129a83184 (webtiles) character file.

Game seed: 9666213592562741549

928 Kinoniko the Slasher (level 7, -1/55 HPs)
             Began as a Demonspawn Chaos Knight on July 6, 2019.
             Was a Plaything of Xom.
             Shot with a sling bullet by Joseph (4 damage)
             ... on level 7 of the Dungeon.
             The game lasted 00:23:09 (5073 turns).

Kinoniko the Slasher (Demonspawn Chaos Knight)      Turns: 5073, Time: 00:23:10

Health: -1/55      AC:  8    Str: 16    XL:     7   Next: 85%
Magic:  7/7        EV: 13    Int: 18    God:    Xom [.*....]
Gold:   345        SH:  5    Dex: 14    Spells: 6/6 levels left

rFire    + . .     SeeInvis .   o - +1 long sword
rCold    x . .     Gourm    .   e - +1 buckler
rNeg     . . .     Faith    .   b - +3 leather armour
rPois    +         Spirit   .   (helmet restricted)
rElec    .         Reflect  .   (no cloak)
rCorr    +         Harm     .   (no gloves)
MR       ++...                  (no boots)
Stlth    +.........             (no amulet)
HPRegen  0.58/turn              j - ring of resist corrosion
MPRegen  0.10/turn              y - ring of fire

@: no status effects
A: antennae 1, iridescent scales 1, agile 1, clever 2, demonic guardian 1, magic
resistance 2, poison resistance, powered by pain 1, regeneration 1, strong 1
a: Renounce Religion


You were on level 7 of the Dungeon.
You worshipped Xom.
You were a plaything of Xom.
You were not hungry.

You visited 1 branch of the dungeon, and saw 7 of its levels.

You collected 356 gold pieces.
You spent 11 gold pieces at shops.

Inventory:

Hand Weapons
 a - a +0 falchion of chaos
 g - a +2 great sword of chaos
 o - a +1 long sword (weapon)
Armour
 b - a +3 leather armour (worn)
 e - a +1 buckler (worn)
Jewellery
 h - an uncursed ring of magical power
 j - a ring of resist corrosion (left hand)
 y - a ring of fire (right hand)
Wands
 q - a wand of enslavement (13)
Scrolls
 l - 4 scrolls of amnesia
 n - 4 scrolls of remove curse
 r - a scroll of summoning
 u - a scroll of identify
 w - a scroll of fog
Potions
 i - a potion of haste
 m - 4 potions of agility
 p - 2 potions of flight
 v - 3 potions of lignification
Comestibles
 c - 6 rations


   Skills:
 * Level 4.4 Fighting
 * Level 6.1 Long Blades
 * Level 3.3 Armour
 * Level 3.3 Dodging
 * Level 2.5 Shields


You had 6 spell levels left.
You didn't know any spells.
Your spell library was empty.

Dungeon Overview and Level Annotations

Branches:
Dungeon (7/15)
 Temple: D:4-7

Altars:
Elyvilon
Gozag
Okawaru
Trog
Xom
Zin

Shops:
D:6 !

Annotations:
D:7 Harold, Joseph


Innate Abilities, Weirdness & Mutations

You have a pair of small antennae on your head.
A weak demonic guardian rushes to your aid.
You sometimes gain a little power by taking damage.
You are partially covered in iridescent scales. (AC +2)
You are agile. (Dex +2)
Your mind is very acute. (Int +4)
You are highly resistant to hostile enchantments. (MR++)
Your system is resistant to poisons. (rPois)
Your natural rate of healing is unusually fast.
Your muscles are strong. (Str +2)


Message History

Harold is lightly wounded.
You completely miss Harold.
Harold is lightly wounded.
You hit Harold but do no damage.
Harold is lightly wounded.
Harold hits you with a +0 trident. You block the crimson imp's attack.
You hit Harold but do no damage.
Harold is lightly wounded.
Harold hits you with a +0 trident. The crimson imp completely misses you.
You barely miss Harold.
Harold is lightly wounded.
Harold hits you with a +0 trident!
A shower of butterflies erupts from you!
The crimson imp blinks!
Your white imp gestures at Harold.
The puff of frost hits Harold!
Joseph shoots a sling bullet.
The sling bullet hits you!!
* * * LOW HITPOINT WARNING * * *
You die...
Xom cackles wildly!

...5# ....# ....# ..#
### ....### ..... @.(
....... #.... .. @...#
.###..#.###.###ยง...##.
........$.....@@......
.............55...... .
..........bb........
#.###..#.#..#.##....#..
.......#.#(.#.# .......
...........#.##.......
#.###..#.#.......^.....
.........<..##.##...##.
...#...##...# #


You could see Harold, Joseph, a crimson imp, a friendly white imp and a friendly
shadow imp.

Vanquished Creatures
  A sky beast (D:5)
  A big kobold (D:4)
  A bullfrog (D:7)
  2 howler monkeys
  A centaur zombie (D:6)
  A crimson imp (D:4)
  An orc wizard (D:3)
  4 orc priests
  A worker ant (D:4)
  2 hound skeletons
  9 adders
  3 oozes
  2 adder skeletons
  2 adder zombies
  6 worms
  5 dart slugs
  3 leopard geckos
  15 orcs
  8 giant cockroaches
  8 hobgoblins
  4 jackals
  A quokka (D:7)
  15 bats
  3 frilled lizards
  7 goblins
  10 kobolds
  A leopard gecko skeleton (D:5)
  7 rats
124 creatures vanquished.

Vanquished Creatures (collateral kills)
  An ogre (D:6)
  A centaur (D:5)
  An adder (D:4)
  2 orcs (D:4)
  A giant cockroach (D:4)
6 creatures vanquished.

Vanquished Creatures (others)
  A worker ant (D:5)
1 creature vanquished.

Grand Total: 131 creatures vanquished

Notes
Turn   | Place    | Note
-------+----------+-------------------------------------------
     0 | D:1      | Kinoniko the Demonspawn Chaos Knight began the quest for
                  | the Orb.
     0 | D:1      | Reached XP level 1. HP: 18/18 MP: 1/1
    11 | D:1      | XOM: divination: detect creatures
   189 | D:1      | Reached skill level 3 in Long Blades
   206 | D:1      | Gained mutation: You have a pair of small antennae on your
                  | head. [demonic ancestry]
   206 | D:1      | Reached XP level 2. HP: 24/24 MP: 2/2
   489 | D:1      | XOM: give mutation
   489 | D:1      | Gained mutation: Your mind is acute. (Int +2) [Xom's grace]
   620 | D:1      | XOM: god gift: runed great sword {god gift}
   868 | D:1      | Reached XP level 3. HP: 24/29 MP: 3/3
   889 | D:1      | XOM: give mutations
   889 | D:1      | Gained mutation: You are resistant to hostile enchantments.
                  | (MR+) [Xom's grace]
   889 | D:1      | Gained mutation: You possess an exceptional clarity of
                  | mind. [Xom's grace]
   889 | D:1      | Gained mutation: You have large cloven feet. [Xom's grace]
   960 | D:1      | XOM: scenery: create altars
  1167 | D:2      | Reached skill level 1 in Dodging
  1493 | D:2      | XOM: god gift: 33 gold pieces
  1545 | D:2      | Gained mutation: You sometimes gain a little power by
                  | taking damage. [demonic ancestry]
  1545 | D:2      | Reached XP level 4. HP: 34/35 MP: 4/4
  1583 | D:2      | XOM: give mutations
  1583 | D:2      | Gained mutation: Your muscles are strong. (Str +2) [Xom's
                  | grace]
  1583 | D:2      | Gained mutation: You are robust. (+10% HP) [Xom's grace]
  1875 | D:2      | XOM: give mutations
  1875 | D:2      | Lost mutation: Your muscles are strong. (Str +2) [Xom's
                  | mischief]
  1875 | D:2      | Gained mutation: Your natural rate of healing is unusually
                  | fast. [Xom's mischief]
  1961 | D:2      | Reached skill level 1 in Shields
  1964 | D:2      | Reached skill level 4 in Long Blades
  1983 | D:2      | XOM: severe Air miscast
  2083 | D:2      | XOM: give mutation
  2083 | D:2      | Lost mutation: You have large cloven feet. [Xom's mischief]
  2165 | D:2      | XOM: mild Erth miscast
  2212 | D:3      | XOM: summons 3 hostile shadow creatures
  2230 | D:3      | Reached XP level 5. HP: 43/45 MP: 5/5
  2253 | D:3      | XOM: medium Air miscast
  2417 | D:3      | Found a glowing silver altar of Zin.
  2417 | D:3      | XOM: 4-stop teleportation journey
  2418 | D:3      | Noticed an angel
  2480 | D:3      | XOM: silly message
  2484 | D:3      | Found an opulent altar of Gozag.
  2484 | D:3      | Found a white marble altar of Elyvilon.
  2626 | D:3      | XOM: smoke on damage
  2659 | D:3      | XOM: smoke on damage
  2742 | D:3      | XOM: mild Hex miscast
  2892 | D:3      | Gained mutation: A weak demonic guardian rushes to your
                  | aid. [demonic ancestry]
  2892 | D:3      | Reached XP level 6. HP: 49/52 MP: 6/6
  2916 | D:3      | XOM: divination: detect creatures
  3036 | D:4      | Lost mutation: You possess an exceptional clarity of mind.
                  | [potion of mutation]
  3036 | D:4      | Lost mutation: You are robust. (+10% HP) [potion of
                  | mutation]
  3036 | D:4      | Gained mutation: Your system is resistant to poisons.
                  | (rPois) [potion of mutation]
  3036 | D:4      | Gained mutation: You are highly resistant to hostile
                  | enchantments. (MR++) [potion of mutation]
  3036 | D:4      | Gained mutation: Your muscles are strong. (Str +2) [potion
                  | of mutation]
  3036 | D:4      | Gained mutation: Your mind is very acute. (Int +4) [potion
                  | of mutation]
  3048 | D:4      | Reached skill level 5 in Long Blades
  3082 | D:4      | XOM: mild Conj miscast
  3295 | D:4      | XOM: potion effect (agility)
  3444 | D:4      | XOM: polymorph ufetubus -> shadow imp
  3453 | D:4      | Reached XP level 7. HP: 44/54 MP: 7/7
  3674 | D:4      | XOM: god gift: 15 sling bullets
  3946 | D:5      | Entered Level 5 of the Dungeon
  3946 | D:5      | Found a bloodstained altar of Trog.
  3998 | D:5      | XOM: divine lightning
  4254 | D:5      | You fall through a shaft!
  4328 | D:5      | Found an iron altar of Okawaru.
  4585 | D:6      | XOM: give mutations
  4585 | D:6      | Gained mutation: You are partially covered in iridescent
                  | scales. (AC +2) [Xom's grace]
  4585 | D:6      | Gained mutation: You are agile. (Dex +2) [Xom's grace]
  4696 | D:6      | Reached skill level 6 in Long Blades
  4704 | D:6      | XOM: harmless Summ miscast
  4754 | D:6      | Found Yhupes's Distillery.
  4759 | D:6      | Bought a potion of degeneration for 11 gold pieces
  5064 | D:7      | Noticed Harold
  5064 | D:7      | Noticed Joseph
  5073 | D:7      | XOM: butterfly on damage
  5073 | D:7      | Shot with a sling bullet by Joseph

Skill      XL: |  1  2  3  4  5  6  7 |
---------------+----------------------+-----
Long Blades    | 3 4 5 6 |  6.1
Armour         | 2 3 |  3.3
Dodging        | 1 2 3 |  3.3
Shields        | 1 2 |  2.5
Fighting       | 4 |  4.4

Action                   |  1- 3 |  4- 6 |  7- 9 || total
-------------------------+-------+-------+-------++-------
Melee: Falchion          |   101 |    64 |       ||   165
       Kick              |    12 |    15 |       ||    27
       Long sword        |       |   194 |    73 ||   267
  Use: Scroll            |     3 |     6 |     6 ||    15
       Potion            |     2 |     4 |     1 ||     7
 Stab: Sleeping          |     1 |       |       ||     1
       Confused          |     1 |       |       ||     1
  Eat: Chunk             |     2 |     7 |       ||     9
       Ration            |       |       |     2 ||     2
Armor: Leather armour    |    28 |    84 |    24 ||   136
       Skin              |       |   100 |       ||   100
Dodge: Dodged            |    65 |   169 |    39 ||   273
Block: Buckler           |    12 |    68 |    15 ||    95
       Rpst.: Falchion   |    21 |     7 |       ||    28
       Long sword        |       |    44 |    15 ||    59
